[Event "GrandPrix_29.05"]
[Site "Chess.com"]
[Date "2020.05.29"]
[Round "8"]
[White "kpio91"]
[Black "DanielDardha2005"]
[Result "0-1"]
[WhiteElo "2517"]
[BlackElo "2491"]
[TimeControl "600+2"]
[EndTime "13:05:55 PDT"]
[Termination "DanielDardha2005 won on time"]

1. e4 c5 2. Nf3 Nc6 3. Bb5 Nf6 4. Nc3 g6 5. O-O Bg7 6. e5 Ng4 7. Bxc6 dxc6 8. Re1 O-O 9. d3 Nh6 10. Bf4 Nf5 11. Ne4 b6 12. Qd2 Qd5 13. b3 h6 14.
h3 g5 15. Bh2 Nd4 16. Nxd4 cxd4 17. f4 f5 18. exf6 exf6 19. fxg5 fxg5 20. Nd6 Be6 21. Re2 Kh8 22. Rae1 Bg8 23. Re7 Rad8 24. Ne4 Rd7 25. Ng3 Rxe7 26. Rxe7 Rf7 27. Re4 Bh7 28. Re8+ Rf8 29. Rxf8+ Bxf8 30. Nh5 Bg6 31. Qf2 Be7 32. Qe2 Qf7 33. Qe5+ Kh7 34. Ng3 Bf6 35. Qd6 c5 36. Ne4 Bxe4 37. dxe4 d3 38. Qxd3 Bd4+ 39. Kh1 Qf2 40.
Qd1 Qe3 41. e5 Kg6 42. a4 Bxe5 43. Bg1 Qe4 44. Qd7 Bd4 45. Qd6+ Kg7 46. Qc7+ Kg6 47.
Qd6+ Kh5 48. Bxd4 cxd4 49. Qf6 Qxc2 50. Qxd4 Qxb3 51. Qg4+ Kg6 52. Qe4+ Kf6 53. Qd4+ Ke6 54. Qe4+ Kd6 55. Qd4+ Qd5 56. Qf6+ Qe6 57. Qd8+ Kc5 58. Qc7+ Kb4 59. Qxa7 Qe1+ 60. Kh2 Qe5+ 61. Kh1 Qa5 62. Qg7 Kxa4 63. Qxh6 Qe1+ 64. Kh2 Qe5+ 65. Kh1 b5 66.
h4 Qe1+ 0-1

[Event "GrandPrix_29.05"]
[Site "Chess.com"]
[Date "2020.05.29"]
[Round "8"]
[White "Saxar85"]
[Black "VolodymyrMolyboha"]
[Result "1-0"]
[WhiteElo "2496"]
[BlackElo "2281"]
[TimeControl "600+2"]
[EndTime "13:05:59 PDT"]
[Termination "Saxar85 won by resignation"]

1. Nf3 d5 2. g3 Nf6 3. Bg2 Bf5 4. c4 c6 5. O-O e6 6. cxd5 exd5 7. d3 Be7 8. Qb3 Qb6 9. Qc2 O-O 10. Nc3 Nbd7 11.
e4 dxe4 12. dxe4 Bg6 13. Be3 Qa5 14. h3 Rfe8 15. a3 Qa6 16. Nh4 Bc5 17. Rfe1 Bxe3 18.
Rxe3 Qb6 19. Rae1 Ne5 20. Na4 Qd4 21. Nxg6 hxg6 22. Rd1 Qc4 23. Rc3 Qe6 24. Nc5 Qc8 25. f4 Ned7 26. Nxd7 Nxd7 27. b4 a6 28. Rcd3 Nf8 29.
Rd6 g5 30. f5 Re5 31. Qd2 f6 32. Qa2+ Kh8 33. Qf7 Qe8 34. Qxb7 a5 35. Qxc6 axb4 36. axb4 Qxc6 37. Rxc6 Rb8 38. Rd4 Reb5 39. Bf1 R5b7 40. Ba6 Rxb4 41. Rxb4 Rxb4 42. Rc8 Kg8 43. Bc4+ Rxc4 44.
Rxc4 Nd7 45. Rc7 Ne5 46. Kf2 Kh7 47. Ke3 Kg8 48. Kd4 Kh7 49. Kd5 g4 50. h4 Nf3 51.
Ke6 Nd2 52. e5 Ne4 53. exf6 Nxf6 54. Rc4 Kg8 55. Ke5 Kf7 56. Kf4 Kg8 57. Kg5 Kh7 58. Rxg4 Ng8 59. Rd4 Nf6 60. g4 Ng8 61. Kf4 Nf6 62. Rd6 Ne8 63. Rc6 Nf6 64. Rxf6 gxf6 65. g5 Kg7 66. Ke4 Kf7 67. Kd5 Ke7 68. g6 Kf8 69.
Ke6 Kg7 70. Ke7 Kg8 71. Kxf6 Kh8 72. g7+ Kg8 73. h5 Kh7 74. Kf7 1-0

[Event "GrandPrix_29.05"]
[Site "Chess.com"]
[Date "2020.05.29"]
[Round "8"]
[White "econpower"]
[Black "rim1618"]
[Result "0-1"]
[WhiteElo "2169"]
[BlackElo "2401"]
[TimeControl "600+2"]
[EndTime "13:06:00 PDT"]
[Termination "rim1618 won by resignation"]

1. c4 g6 2. g3 Bg7 3. Bg2 d6 4. Nc3 e5 5. e3 f5 6. Nge2 Nf6 7.
d3 O-O 8. O-O c6 9. f4 Be6 10.
h3 Nbd7 11. Rb1 Qe7 12. Kh2 Rac8 13. b3 a6 14. a4 a5 15. Ba3 Bf7 16. b4 d5 17. cxd5 Nxd5 18. Bxd5 cxd5 19. Nb5 exf4 20. exf4 Rfe8 21. Re1 Qe3 22. d4 Qf2+ 23. Kh1 Nf6 24. Nd6 Qf3+ 25. Kg1 Qxa3 26. Rb3 Qxa4 27. Nxc8 Rxc8 28.
Rc3 Qd7 29. Rxc8+ Qxc8 30. bxa5 Ne4 31. Qb3 Nd2 32. Qd3 Nc4 33. Ra1 Be8 34. Kf2 Nd6 35. Rc1 Qa8 36. Qa3 Bf8 37. Qa2 Bc6 38. Ng1 Ne4+ 39.
Kg2 Bb4 40. a6 bxa6 41. Nf3 a5 42. Ne5 Bc3 43. Rxc3 Nxc3 44. Qc2 a4 45. Qxc3 Be8 46. Qa3 Qa7 47. Nf3 h6 48. h4 Qc7 49. Ne5 Qc2+ 50.
Kg1 Qd1+ 51. Kg2 Qd2+ 52. Kh1 Qe1+ 53. Kh2 Qf2+ 54. Kh1 Qe1+ 55. Kh2 Qd2+ 56. Kh1 Qd1+ 57. Kh2 Qc2+ 58. Kh1 Qc7 59. Kg2 Kg7 60. Kh2 Bb5 61. Qb2 Qa5 62. Nf3 a3 63. Qa2 Bc4 64. Qb1 Qa7 65.
Qe1 a2 66. Qe5+ Kh7 67. h5 a1=Q 68. hxg6+ Kxg6 69. Nh4+ Kf7 70. Qxf5+ Ke8 71. Qc8+ Kf7 72. Qf5+ Ke7 73. Ng6+ Kd8 74. Qf8+ Kc7 75. Qe7+ Kb6 76.
Qb4+ Ka6 77. Qc5 Qxc5 0-1

[Event "GrandPrix_29.05"]
[Site "Chess.com"]
[Date "2020.05.29"]
[Round "8"]
[White "caspiwins"]
[Black "Infernal_XaM"]
[Result "1-0"]
[WhiteElo "2406"]
[BlackElo "2461"]
[TimeControl "600+2"]
[EndTime "13:06:03 PDT"]
[Termination "caspiwins won by resignation"]

1. e4 e6 2. d4 d5 3. Nc3 Bb4 4. e5 c5 5. a3 Bxc3+ 6. bxc3 Qc7 7. Qg4 f6 8. Bb5+ Kf8 9. a4 f5 10. Qh5 g6 11. Qh4 c4 12. Ba3+ Kg7 13. Bd6 Qf7 14.
Qd8 Nh6 15. Qf6+ Qxf6 16. exf6+ Kf7 17. Nf3 Ng4 18. a5 Nxf6 19. Ne5+ Kg7 20. f3 Bd7 21. Bxb8 Bxb5 22. Bd6 Rhe8 23. Rb1 a6 24. Kd2 Rad8 25.
Bc5 h6 26. h4 Rc8 27. Rbe1 Rxc5 28. dxc5 Rc8 29. g4 fxg4 30. Nxg4 Bd7 31. Rb1 Rc7 32. Ne5 Be8 33. Rhg1 Nd7 34. Nxg6 Bxg6 35. h5 Ne5 36. Ke3 Kf6 37. hxg6 Nxg6 38. Kd4 Ne5 39. Rh1 Rh7 40. f4 Nc6+ 41. Ke3 Nxa5 42. Rh5 Nc6 43. Rbh1 Kg6 44. R5h2 Ne7 45. Kd4 Kf7 46. Ke5 Nc6+ 47. Kd6 d4 48.
Rxh6 Rxh6 49. Rxh6 d3 50. cxd3 cxd3 51. Rh3 d2 52. Rd3 Na5 53. Kc7 Nb3 54. Rd8 a5 55. Kxb7 Ke7 56. Kc8 a4 57. c6 a3 58. Rd7+ Kf6 59.
c7 a2 60. Kb8 Nc5 61. Rxd2 a1=Q 62. c8=Q Qb1+ 63. Kc7 Qh7+ 64. Kc6 Qe4+ 65. Kxc5 Qe3+ 66. Rd4 Qxc3+ 67. Rc4 Qa5+ 68. Kc6 Qd5+ 69. Kb6 Qd6+ 70. Qc6 Qb8+ 71. Ka6 1-0

[Event "GrandPrix_29.05"]
[Site "Chess.com"]
[Date "2020.05.29"]
[Round "8"]
[White "Bacyanide"]
[Black "GeorgMeier"]
[Result "0-1"]
[WhiteElo "2490"]
[BlackElo "2645"]
[TimeControl "600+2"]
[EndTime "13:06:07 PDT"]
[Termination "GeorgMeier won by resignation"]

1. d4 e6 2. Nf3 Nf6 3. Bf4 Be7 4.
h3 b6 5. e3 O-O 6. a4 c5 7.
Nbd2 d6 8. Bd3 Ba6 9. Bxa6 Nxa6 10. O-O Qc8 11. a5 b5 12. Qe2 Qb7 13. Bg3 Rac8 14. e4 cxd4 15. Nxd4 b4 16. e5 dxe5 17. Bxe5 Rfd8 18.
N2f3 Rd5 19. Rfd1 Nc5 20. Qb5 a6 21. Qb6 Bd8 22. Qxb7 Nxb7 23. Ra4 Be7 24. Rda1 Ne4 25. Re1 Nf6 26. Bxf6 gxf6 27. Rea1 h5 28. b3 Nd8 29. Re1 Nc6 30. Nxc6 Rxc6 31. Ra2 Bd8 32. Re4 Rxa5 33.
Rxa5 Bxa5 34. Ne1 Kg7 35. Kf1 f5 36. Rd4 Kf6 37. Ke2 e5 38. Rd7 Bb6 39. Rb7 a5 40. Rb8 f4 41. Rh8 Kg6 42. Rg8+ Kh7 43. Rg5 f6 44.
Rxh5+ Kg7 45. g3 fxg3 46. fxg3 Rc3 47. g4 Be3 48. Rf5 Bf4 49. Rh5 Bg3 50. g5 Bxe1 51.
gxf6+ Kxf6 52. Kxe1 Rxc2 53. Rh6+ Kf5 54. Ra6 Rc3 55. Rxa5 Rxh3 56. Kd2 Rxb3 57. Ra8 Ke4 58. Rh8 Rd3+ 59. Ke2 Rd4 60. Rb8 Rc4 61. Rh8 Kd4 62.
Kd2 Rc5 63. Rb8 Kc4 64. Kc2 e4 65. Rd8 b3+ 66. Kb2 Re5 67. Rc8+ Kd3 68. Kxb3 e3 69. Rc3+ Kd2 70. Rc2+ Kd1 71. Kb2 Rb5+ 72. Kc3 Rc5+ 73. Kd3 Rxc2 74. Kxe3 Rd2 0-1

[Event "GrandPrix_29.05"]
[Site "Chess.com"]
[Date "2020.05.29"]
[Round "8"]
[White "Olghita64"]
[Black "OhanyanEminChess"]
[Result "0-1"]
[WhiteElo "1941"]
[BlackElo "2071"]
[TimeControl "600+2"]
[EndTime "13:06:09 PDT"]
[Termination "OhanyanEminChess won by resignation"]

1. Nf3 Nf6 2. c4 c5 3. d4 cxd4 4. Nxd4 d6 5. Nc3 a6 6. g3 g6 7.
Bg2 Bg7 8. O-O O-O 9. Bg5 Nbd7 10. Qd2 Rb8 11. Rfd1 Ne5 12. b3 Bd7 13. Bh6 Nc6 14.
Bxg7 Kxg7 15. Nd5 Nxd5 16. Bxd5 Qb6 17. Nc2 Rfd8 18. Qg5 h6 19. Qf4 Ne5 20. Ne3 g5 21. Qd4 Qxd4 22. Rxd4 Nc6 23. Rd2 b5 24. Rad1 Nb4 25.
Bf3 bxc4 26. Nxc4 Rdc8 27. Ne3 Be6 28. Be4 a5 29. Nf5+ Bxf5 30. Bxf5 Rc5 31. Bd7 Rb7 32. Ba4 Rbc7 33. Kf1 Rc2 34. a3 Rxd2 35. Rxd2 Nc2 36. b4 Nxa3 37. bxa5 Ra7 38. Bb3 Rxa5 39. Ra2 Ra7 40. Bc4 Nb5 41. Rb2 Nd4 42. Kg2 Nc6 43.
Bd5 Ne5 44. f4 gxf4 45. gxf4 Ng6 46. Kf3 Kf6 47. Rb8 e6 48. Be4 Ra3+ 49. e3 Nh4+ 50. Kf2 d5 51. Bb1 Ra1 52. Rb7 Ng6 53. Rb6 Ne7 54.
Kf3 Ra3 55. Kf2 Nf5 56. Bxf5 Kxf5 57. Rb7 f6 58. Rb6 Ra2+ 59. Kg3 Re2 60. Rb3 Ke4 61. Rb6 Rxe3+ 62. Kg4 f5+ 63. Kh5 Rh3+ 64. Kg6 Kxf4 65.
Rxe6 Rxh2 66. Rf6 Rg2+ 67. Kxh6 d4 68. Rd6 Ke5 69. Rd8 f4 70. Kh5 Ke4 71. Kh4 f3 72. Kh3 Rg7 73. Re8+ Kd3 74. Rf8 Ke2 75. Re8+ Kf1 76.
Rd8 f2 77. Rxd4 Kg1 0-1

[Event "GrandPrix_29.05"]
[Site "Chess.com"]
[Date "2020.05.29"]
[Round "8"]
[White "cassoulet"]
[Black "bsnsun"]
[Result "1-0"]
[WhiteElo "2054"]
[BlackElo "1859"]
[TimeControl "600+2"]
[EndTime "13:06:21 PDT"]
[Termination "cassoulet won by resignation"]

1. e4 c5 2. Nf3 d6 3. d4 cxd4 4. Nxd4 Nf6 5. Nc3 a6 6. g3 e6 7. Bg2 Be7 8. O-O Qc7 9. Be3 O-O 10. Qe2 Nc6 11. Rad1 Nxd4 12. Bxd4 Rb8 13. e5 Ne8 14. exd6 Bxd6 15. Ne4 Be7 16. c4 b6 17. f4 Bb7 18.
Be5 Qc8 19. Bxb8 Qxb8 20. Rd7 Bxe4 21. Bxe4 Bc5+ 22. Kg2 Nf6 23. Rd3 Qc7 24. Bf3 g6 25.
Qe5 Qe7 26. Rfd1 a5 27. g4 Ne8 28. Rd7 Qh4 29. R7d2 h6 30. h3 Bb4 31. Rd8 Bc5 32.
R8d2 Ng7 33. a3 Be7 34. Rb1 Rc8 35. Qe4 f5 36. Qd4 Bc5 37. Qe5 Rf8 38. b4 axb4 39. axb4 Be7 40. c5 bxc5 41. bxc5 g5 42. fxg5 fxg4 43. Bxg4 Bxg5 44. Bxe6+ Kh8 45. Rb7 Bf6 46. Rd4 Qxd4 47. Qxd4 Bxd4 48. Bg4 Bxc5 49. Rc7 Bd4 50. Rc6 Kh7 51. Bf3 Rb8 52. Be4+ Kg8 53. Rxh6 Rb2+ 54. Kf3 Rf2+ 55. Kg3 Re2 56. Bd5+ Kf8 57. Rh8+ Ke7 58. Kg4 Be5 59. h4 Re3 60. Bf3 Re1 61. Bc6 Ne6 62. Rh7+ Kf6 63. Be8 Re3 64. Rf7+ Kg6 65. Rf3+ Kg7 66.
Rxe3 Kf6 67. Rf3+ Nf4 68. h5 Kg7 69. Bd7 Bd6 70. Rb3 Nd5 71. Bf5 Nf6+ 72. Kg5 Be7 73. h6+ Kf7 74. Bg6+ Ke6 75. Re3+ Kd6 76. Kf5 Kd7 77.
h7 Nxh7 78. Bxh7 Bd6 79. Rd3 Kc6 80. Ke6 Bc5 81. Rc3 Kb5 82. Bd3+ Kb4 83. Rc4+ 1-0

[Event "GrandPrix_29.05"]
[Site "Chess.com"]
[Date "2020.05.29"]
[Round "8"]
[White "Luq27"]
[Black "Borsuk_Konstantin"]
[Result "1/2-1/2"]
[WhiteElo "2056"]
[BlackElo "1873"]
[TimeControl "600+2"]
[EndTime "13:06:23 PDT"]
[Termination "Game drawn by repetition"]

1. Nf3 b6 2. g3 Bb7 3. Bg2 Nf6 4. O-O g6 5. c4 Bg7 6. d4 O-O 7. Qc2 c5 8. d5 d6 9. Nc3 e6 10. e4 exd5 11. exd5 a6 12. a4 Bc8 13. Re1 Bf5 14. Qb3 h6 15. Nh4 Bc8 16. Qc2 Ra7 17. Bd2 Re8 18.
Rxe8+ Qxe8 19. Qb3 g5 20. Nf3 Qd8 21. Re1 Bf5 22.
h4 g4 23. Nh2 Nbd7 24. Bf4 Nf8 25. Nf1 Ng6 26. Bd2 Ne5 27. Ne3 Bg6 28. Ra1 Re7 29.
Ne2 Be4 30. Nf4 Nf3+ 31. Bxf3 gxf3 32. Bc3 Bh7 33. a5 bxa5 34. Qd1 Be4 35. Bxa5 Qb8 36.
Bc3 Nd7 37. Rxa6 Bxc3 38. bxc3 Ne5 39. Qa1 Kg7 40. Nh5+ Kg6 41. Ra8 Qb1+ 42. Qxb1 Bxb1 43. g4 Nxg4 44. Nf4+ Kf6 45. Nh5+ Kg6 46. Nf4+ Kf6 47. Nxg4+ Kf5 48. Ne3+ Kxf4 49. Rd8 Ke5 50. Rh8 f5 51. Rxh6 f4 52. Ng4+ Kf5 53. Nf6 Re1+ 54. Kh2 Rf1 55.
Ne8 Rxf2+ 56. Kh3 Ke4 57. Nxd6+ Kd3 58. Rf6 Ke3 59. Re6+ Kd2 60. Rf6 Ke3 61. Re6+ Kd2 62. Ne4+ Bxe4 63. Rxe4 Re2 64. Rxf4 f2 65. d6 Ke1 66. d7 Rd2 67. Re4+ Kf1 68. Re7 Kg1 69. Rg7+ Kh1 70. Rf7 Kg1 71. Rg7+ Kh1 72. Rf7 Kg1 73. Rg7+ 1/2-1/2

[Event "GrandPrix_29.05"]
[Site "Chess.com"]
[Date "2020.05.29"]
[Round "8"]
[White "Kiril1965"]
[Black "Angry_Twin"]
[Result "1-0"]
[WhiteElo "2702"]
[BlackElo "2498"]
[TimeControl "600+2"]
[EndTime "13:06:25 PDT"]
[Termination "Kiril1965 won by resignation"]

1. d4 Nf6 2. Nf3 d5 3. c4 e6 4. Nc3 c6 5. Qb3 dxc4 6. Qxc4 b5 7. Qd3 Bb7 8. Bg5 Nbd7 9. e4 b4 10. Na4 c5 11. Nxc5 Bxc5 12. dxc5 Bxe4 13. Qd6 Qe7 14. Bb5 Qxd6 15. cxd6 O-O 16. Ke2 Rab8 17. Bxd7 Nxd7 18. Rhc1 f6 19. Be3 Rb7 20. Rc7 e5 21. Rac1 Kf7 22. Rxb7 Bxb7 23. Rc7 Ba6+ 24. Ke1 Ke6 25. Rxa7 Bc4 26.
b3 Bd5 27. Ra4 Kxd6 28. Bd2 Rc8 29. Bxb4+ Ke6 30. Ra6+ Kf7 31. Rd6 Be6 32. Kd1 Ra8 33.
Rd2 Nb6 34. Rc2 g5 35. Ne1 e4 36. Bd2 h6 37. f3 f5 38. Rc7+ Nd7 39. Rc2 Nb6 40.
Ke2 Nd5 41. g3 e3 42. Bxe3 Rxa2 43. Rxa2 Nc3+ 44. Kd3 Nxa2 45. Bd2 Bxb3 46. Kd4 Kf6 47. Nd3 Bd1 48. f4 Be2 49. Ne5 gxf4 50. gxf4 Ke6 51. Kc5 Bd1 52. Nc6 Kf6 53. Nd4 Kg6 54. Kd6 Bg4 55.
Ke5 Bh3 56. Ke6 Bg4 57. Nc6 Bh3 58. Ne7+ Kh5 59. Kf6 Kg4 60. Nxf5 Kf3 61. Ng3 h5 62. Nxh5 Ke2 63. Ba5 Nc1 64. Kg5 Nd3 65. f5 Kf3 66. Bc7 Nc5 67. Nf4 Bf1 68. h4 Bc4 69.
h5 Bg8 70. Kg6 Ne4 71. f6 Kg4 72. h6 Ng5 73. Kg7 Bc4 74. h7 Nxh7 75. Kxh7 Kf5 76. Kg7 Bb3 77. Ne2 Bc4 78. Nd4+ Ke4 79. Nb5 Bb3 80. Kf8 Kd3 81. Ke7 Ke4 82. Nd6+ Kf4 83. Nc4+ 1-0

[Event "GrandPrix_29.05"]
[Site "Chess.com"]
[Date "2020.05.29"]
[Round "8"]
[White "v-kazakouski"]
[Black "Pultis"]
[Result "1/2-1/2"]
[WhiteElo "2382"]
[BlackElo "2272"]
[TimeControl "600+2"]
[EndTime "13:06:30 PDT"]
[Termination "Game drawn by repetition"]

1. Nf3 Nf6 2. c4 c6 3. g3 d5 4. Bg2 dxc4 5. O-O Nbd7 6. Na3 Nb6 7. Qc2 Qd5 8. Ne1 Qf5 9. e4 Qh5 10. Nxc4 e5 11. b3 Nxc4 12. bxc4 Bg4 13. f3 Bc5+ 14. Kh1 Be6 15. Nd3 Bd4 16. Rb1 Rd8 17. Ba3 b6 18. Qa4 Rc8 19. Bd6 Nd7 20. Rfc1 Qg6 21.
c5 b5 22. Qa6 Rd8 23. Qxc6 Bc4 24. Nb4 Bxc5 25. Bxc5 Qxc6 26. Nxc6 Rc8 27. Nxa7 Rxc5 28. Nxb5 O-O 29. Nd6 Bxa2 30. Rxc5 Nxc5 31. Rb5 Ne6 32. Ra5 Bb3 33. Rxe5 Rd8 34. Rb5 Rxd6 35. Rxb3 Rxd2 36.
Rb8+ Rd8 37. Rxd8+ Nxd8 38. Kg1 f6 39. Kf2 Kf7 40. f4 Ke7 41. Ke3 Ne6 42. Bf1 Kd6 43.
Bc4 Nf8 44. Bg8 h6 45. Kf3 h5 46. Bf7 g6 47. f5 gxf5 48. exf5 Ke5 49. g4 h4 50. Bg8 Nd7 51. Be6 Nc5 52. h3 Ne4 53. Ba2 Ng5+ 54. Kg2 Kf4 55. Bd5 Ke3 56. Bc6 Nf7 57. Bd5 Ne5 58. g5 fxg5 59. f6 Kf4 60. f7 Ng6 61. Bc4 Ke4 62. Bb3 Ke5 63. Kf3 Kf6 64.
Ke4 Nf8 65. Bc4 Nd7 66. Ba2 Nf8 67. Kf3 Kf5 68. Bb3 Nd7 69. Bc2+ Kf6 70. Bb3 Ne5+ 71.
Ke4 Ng6 72. Kf3 Ne5+ 73. Ke4 Nd7 74. Kf3 Kg6 75. Ke4 Kf6 76. Kf3 1/2-1/2

[Event "GrandPrix_29.05"]
[Site "Chess.com"]
[Date "2020.05.29"]
[Round "8"]
[White "Durarbayli"]
[Black "Vuk2000"]
[Result "1/2-1/2"]
[WhiteElo "2535"]
[BlackElo "2380"]
[TimeControl "600+2"]
[EndTime "13:06:36 PDT"]
[Termination "Game drawn by repetition"]

1. e4 e6 2. d4 d5 3. e5 c5 4. c3 Nc6 5. Nf3 Qb6 6. Be2 cxd4 7.
cxd4 Bb4+ 8. Nc3 Qa5 9. O-O Bxc3 10. bxc3 Nge7 11. Qb3 b6 12. Ba3 Ba6 13. Bb4 Bc4 14.
Bxc4 dxc4 15. Qxc4 Qd5 16. Qd3 Nxb4 17. cxb4 O-O 18.
Rfc1 a5 19. b5 a4 20. Rc7 Qd8 21. Qc4 Nd5 22. Rc6 a3 23. Rb1 Ra5 24. h3 Qa8 25. Qc2 h6 26. Rc4 Qe8 27. Qb3 Qe7 28. Rbc1 Rd8 29. Kh2 Qd7 30. Rc6 Rda8 31. R1c4 Qe8 32.
Nd2 Qd8 33. Nf3 g6 34. g3 Kg7 35. h4 Qd7 36. Nd2 Qa7 37. Ne4 Ra4 38. Nd6 Rxc4 39.
Rxc4 Qa5 40. Qf3 Qa7 41. h5 Qe7 42. Kg2 Qd7 43. Rc6 Rf8 44. hxg6 fxg6 45. Qxa3 Qe7 46. Rc2 Qg5 47. Kf1 Ne3+ 48. Ke2 Nxc2 49. Qc3 Qc1 50. Ne4 Qe1+ 51. Qxe1 Nxe1 52. Kxe1 Ra8 53. Nc3 h5 54. f4 Kh6 55. a4 g5 56. fxg5+ Kxg5 57. Kf2 Kf5 58. Kf3 Rc8 59. Nd1 Rc1 60. Ne3+ Kg5 61.
d5 exd5 62. Nxd5 Kf5 63. Nxb6 Rc3+ 64. Kg2 Ra3 65. Kh3 Ke6 66. Kh4 Kf5 67. Kh3 Ra1 68.
Kg2 Ra2+ 69. Kh3 Ra1 70. Kg2 Ra2+ 71. Kh3 Ra1 1/2-1/2

[Event "GrandPrix_29.05"]
[Site "Chess.com"]
[Date "2020.05.29"]
[Round "8"]
[White "2346PL"]
[Black "Yuri202062"]
[Result "1/2-1/2"]
[WhiteElo "2090"]
[BlackElo "2011"]
[TimeControl "600+2"]
[EndTime "13:06:38 PDT"]
[Termination "Game drawn by agreement"]

1. d4 d5 2. Nf3 Nf6 3. c3 c5 4. e3 Nbd7 5. Bd3 g6 6. O-O Bg7 7. Nbd2 O-O 8. Re1 Qc7 9. b3 e5 10. dxe5 Ng4 11. Bb2 Ndxe5 12. Be2 Rd8 13. h3 Nxf3+ 14.
Nxf3 Nf6 15. Qc2 Bf5 16. Bd3 Bxd3 17. Qxd3 c4 18. Qc2 Ne4 19. b4 Rd7 20. Red1 Re8 21.
a4 h5 22. a5 g5 23. Nd4 Qe5 24. Qe2 h4 25. Qg4 Rd6 26. Re1 Rg6 27. f3 Ng3 28.
Qd7 Re7 29. Qc8+ Kh7 30. a6 Rxa6 31. Rxa6 bxa6 32. Qxa6 Nf5 33. Nxf5 Qxf5 34. e4 dxe4 35. Qxc4 e3 36. Bc1 Qc2 37. Bxe3 Qxc3 38. Qxc3 Bxc3 39.
Re2 Bxb4 40. Kf1 Kg6 41. Kf2 a5 42. Rc2 a4 43. Rc6+ Kg7 44. Bxg5 Ra7 45. Bxh4 a3 46.
Bf6+ Kh7 47. Ke3 a2 48. Ba1 Bf8 49. Rc4 f5 50. Kf4 Bg7 51. Rc1 Rb7 52. Bxg7 Kxg7 53. Ra1 Rb2 54. g3 Rg2 55. g4 fxg4 56. hxg4 Rb2 57.
Kg5 Rb5+ 58. Kh4 Ra5 59. f4 Kg6 60. Kg3 Ra4 61. Kf3 Kf6 62. Ke3 Kg6 63. Kf3 Kf6 64. Kg3 Kg6 65. Kh4 Rxf4 66. Rxa2 Rb4 67. Ra6+ Kg7 68.
Kh5 Rb5+ 69. g5 Rb7 70. Rh6 Rc7 71. Rg6+ Kh7 72. Rd6 Rb7 73. Kg4 Kg7 74. Kf5 Rb5+ 75. Kg4 Rb4+ 76. Kh5 Rb7 77. Rf6 Ra7 1/2-1/2

[Event "GrandPrix_29.05"]
[Site "Chess.com"]
[Date "2020.05.29"]
[Round "8"]
[White "Vazgen352"]
[Black "BMOchsner"]
[Result "0-1"]
[WhiteElo "2278"]
[BlackElo "2251"]
[TimeControl "600+2"]
[EndTime "13:06:44 PDT"]
[Termination "BMOchsner won by resignation"]

1. c4 e5 2. g3 Nc6 3. Bg2 Bc5 4.
Nc3 d6 5. d3 a6 6. Nf3 Nf6 7. O-O O-O 8. a3 Ba7 9. b4 h6 10. Bb2 Be6 11. Rc1 Qd7 12. e3 Ne7 13. Ne2 Bh3 14. d4 Bxg2 15. Kxg2 e4 16. Nd2 d5 17.
cxd5 Nexd5 18. Nc3 Rfe8 19. Nc4 Nxc3 20. Rxc3 Nd5 21.
Rc2 Rad8 22. Qh5 c6 23. Ne5 Qe6 24. Qg4 Qxg4 25. Nxg4 f6 26. h3 Bb8 27. Rb1 Bd6 28. Bc1 h5 29. Nh2 h4 30. g4 Bxh2 31. Kxh2 f5 32.
gxf5 Rf8 33. a4 Rxf5 34. b5 axb5 35. axb5 cxb5 36. Kg1 b4 37. Bd2 Rd6 38. Bxb4 Rb6 39. Rcb2 Rg6+ 40. Kf1 Nxe3+ 41. Ke2 Nd5 42. Be1 b6 43.
Ra1 e3 44. Kd3 exf2 45. Rxf2 Rg3+ 46. Ke4 Rxf2 47. Bxf2 Nf6+ 48. Kf4 Rxh3 49. Rb1 Rd3 50. Rxb6 Nd5+ 51. Ke4 Nxb6 52. Kxd3 h3 53. Bg3 Kf7 54. Ke4 Kg6 55. d5 Kg5 56. d6 Kg4 57. Bh2 g5 58. Be5 Nd7 59. Bh2 Nc5+ 60. Kd5 Nb7 61. Ke4 Nd8 62. d7 Nf7 63. Bc7 Nd8 64. Kd5 Kf3 65.
Bxd8 h2 66. Bf6 h1=Q 67. d8=Q Qd1+ 68. Bd4 Qb3+ 69. Ke5 Qb5+ 70. Kf6 Qc6+ 71. Kf5 Qe4+ 72. Kf6 Qc6+ 73. Kg7 Qe4 74. Qf6+ Kg4 75. Bc5 Qb7+ 76. Be7 Qd5 77. Qf1 Qe5+ 78. Bf6 Qc7+ 79. Kg6 Qc2+ 80. Kh6 Qh2+ 81. Kg7 Qc7+ 82. Kg8 Qc8+ 83. Kf7 Qc7+ 84. Ke6 Qc6+ 85. Ke5 Qc5+ 86. Ke4 Qc6+ 87. Kd4 Qd6+ 88. Ke3 Qe6+ 89. Kd3 Qa6+ 0-1

[Event "GrandPrix_29.05"]
[Site "Chess.com"]
[Date "2020.05.29"]
[Round "8"]
[White "sahidi"]
[Black "Glek_Igor"]
[Result "1/2-1/2"]
[WhiteElo "2168"]
[BlackElo "2460"]
[TimeControl "600+2"]
[EndTime "13:07:19 PDT"]
[Termination "Game drawn by repetition"]

1. d4 e6 2. Nf3 f5 3. c4 Nf6 4.
Nc3 Bb4 5. Qc2 a5 6. g3 b6 7. Bg2 Bb7 8. O-O O-O 9. b3 Ne4 10. Bb2 Bxc3 11. Bxc3 Nxc3 12. Qxc3 d6 13. c5 Bd5 14.
Rac1 Nc6 15. a3 bxc5 16. dxc5 Rb8 17. cxd6 Qxd6 18. Rfd1 Rb6 19. Ng5 Qe7 20. h4 Bxg2 21.
Kxg2 h6 22. Nf3 e5 23. Rd5 e4 24. Ne5 Nxe5 25. Rxe5 Qxa3 26. Rxa5 Qxb3 27. Qxb3+ Rxb3 28. Rxc7 Rb6 29. Rcc5 f4 30. Rf5 Rbf6 31. Rxf4 Rxf4 32. gxf4 Rxf4 33. Kg3 Rf6 34. Re5 Rg6+ 35. Kf4 Rg2 36. Ke3 g5 37. hxg5 hxg5 38. Rxe4 g4 39. Rf4 Kg7 40.
f3 gxf3 41. Kxf3 Rh2 42. e3 Kg6 43. Ke4 Ra2 44. Rf3 Ra4+ 45. Kd5 Ra5+ 46. Kd4 Ra4+ 47. Kc5 Ra5+ 48. Kb4 Ra8 49. Kc4 Rc8+ 50. Kd3 Rd8+ 51. Ke2 Ra8 52. Rf4 Kg5 53. Kf3 Ra5 54. Rc4 Kf5 55. Rh4 Ke6 56. Rh6+ Ke7 57. Kf4 Kf7 58.
e4 Ke7 59. Rc6 Ra1 60. Kf5 Ra5+ 61. e5 Ra3 62. Rc7+ Kd8 63. Rf7 Ra6 64. Rf6 Ra1 65.
Ke6 Ke8 66. Rf3 Ra6+ 67. Kf5 Ke7 68. Rc3 Ke8 69. Rc7 Kf8 70. Rh7 Ke8 71. Rg7 Kf8 72. Rd7 Ke8 73. Rd4 Ke7 74. Rg4 Ke8 75. Rg7 Kf8 76. Rh7 Ke8 77. Rc7 Kf8 78. Ke4 Ke8 79. Kd5 Kd8 80. Rh7 Ke8 81. Rg7 Kd8 82. Rh7 Ke8 83.
Rh8+ Ke7 84. Rh7+ Ke8 1/2-1/2

[Event "GrandPrix_29.05"]
[Site "Chess.com"]
[Date "2020.05.29"]
[Round "8"]
[White "Vesper2018"]
[Black "fujiwara_hoga"]
[Result "1/2-1/2"]
[WhiteElo "1922"]
[BlackElo "2123"]
[TimeControl "600+2"]
[EndTime "13:07:29 PDT"]
[Termination "Game drawn by repetition"]

1. e4 e5 2. Nf3 Nc6 3. Bb5 a6 4. Ba4 Nf6 5. O-O Be7 6. Re1 b5 7. Bb3 d6 8. c3 O-O 9. h3 Na5 10. Bc2 c5 11. d4 Qc7 12. d5 Bd7 13. b3 Nb7 14. Nbd2 g6 15. Nf1 Nh5 16. Bh6 Ng7 17. g4 Nd8 18. Ng3 f6 19. Qd2 Nf7 20. Be3 Kh8 21.
Nh2 Rg8 22. h4 f5 23. exf5 gxf5 24. Bh6 Bxh4 25. Bxg7+ Rxg7 26. Nxf5 Bxf5 27. Bxf5 Bg5 28. Qd3 Qe7 29. f3 Bf4 30. Re2 Qh4 31. Kh1 Ng5 32.
Rg2 Nh3 33. Qe2 Bg3 34. a4 Nf4 35. Qf1 Nxg2 36. Qxg2 bxa4 37. Rxa4 Bxh2 38. Qxh2 Qe1+ 39.
Kg2 Qd2+ 40. Kg3 Qe1+ 41. Kg2 Qe2+ 42. Kg3 Qxh2+ 43. Kxh2 Rb7 44. Bc2 Rb6 45. Kg3 Kg7 46. g5 Rf8 47. Rh4 Kg8 48. Bxh7+ Kg7 49. Bc2 Rh8 50. Re4 Rh1 51. f4 Rc1 52. Re2 exf4+ 53.
Kxf4 c4 54. b4 Rb7 55. g6 Rf1+ 56. Kg5 Rg1+ 57. Kf4 Rf1+ 58. Kg5 Rf3 59. Rh2 Kg8 60. Bf5 Rxf5+ 61. Kxf5 Re7 62. Kf6 Re3 63. g7 Rf3+ 64.
Ke6 Rxc3 65. Kxd6 Rd3 66. Kc6 c3 67. d6 Rd2 68. Rh3 c2 69. Rc3 Kxg7 70. d7 Kf7 71. Kb6 Ke7 72. Kxa6 Kxd7 73. b5 Rd6+ 74. Ka7 Rd5 75.
b6 Ra5+ 76. Kb8 Ra2 77. b7 Kd8 78. Rc4 Kd7 79. Rd4+ Ke7 80. Rc4 Kd7 81. Rc7+ Kd8 82. Rc5 Kd7 83. Rc4 Kd8 84. Rc5 Kd7 85. Rc3 Kd8 86.
Rc5 1/2-1/2

[Event "GrandPrix_29.05"]
[Site "Chess.com"]
[Date "2020.05.29"]
[Round "8"]
[White "chess_big_master"]
[Black "troisi"]
[Result "1-0"]
[WhiteElo "2019"]
[BlackElo "1561"]
[TimeControl "600+2"]
[EndTime "13:08:35 PDT"]
[Termination "chess_big_master won by checkmate"]

1. d4 Nf6 2. Nf3 e6 3. c4 d5 4. Nc3 a6 5. cxd5 exd5 6. Bg5 Be6 7. e3 Nbd7 8. Bd3 Bd6 9. O-O h6 10. Bh4 O-O 11. Rc1 b5 12. e4 dxe4 13. Nxe4 Be7 14.
Nc5 Nxc5 15. dxc5 Qd5 16. Bb1 Rad8 17. Qc2 g6 18. Qc3 g5 19. Bg3 Ne4 20. Bxe4 Qxe4 21. Bxc7 Rc8 22. Bb6 b4 23. Qd4 Qxd4 24. Nxd4 Bxa2 25.
Nf5 Bf6 26. c6 Be6 27. Nd6 Rb8 28. Bc5 Bxb2 29. c7 Bxc1 30. cxb8=Q Rxb8 31. Rxc1 b3 32. Ba3 a5 33. Kf1 a4 34. Rb1 Rb6 35. Ke2 Rc6 36. Ke3 Rc2 37. Rb2 Rc6 38. Kd4 Kh7 39. Ne4 Bf5 40. f3 Kg6 41. g4 Bc8 42. Nc5 f5 43. h3 h5 44. gxh5+ Kxh5 45. Rg2 Kh4 46. Nd3 Rg6 47. Ne5 Rg7 48. Bf8 Rh7 49. Ng6+ Kxh3 50. Rxg5 b2 51. Nf4+ Kh2 52. Rg2+ Kh1 53. Rxb2 Rd7+ 54.
Ke3 a3 55. Bxa3 Rb7 56. Rc2 Bd7 57. Kf2 Rb3 58. Bd6 Rb1 59. Ne2 Bb5 60. Ng3+ Kh2 61. Nxf5+ Kh3 62. Ne3 Bd3 63. Rd2 Bb5 64. f4 Kh4 65. Be7+ Kh5 66. Bg5 Kg6 67. Rd6+ Kf7 68. Kf3 Rc1 69. f5 Bc6+ 70. Kf4 Bb5 71. Ke5 Rc5+ 72.
Rd5 Rxd5+ 73. Nxd5 Bd7 74. f6 Kg6 75. Bd2 Kf7 76.
Bc3 Ba4 77. Ne3 Bb3 78. Nf5 Kg6 79. Nd6 Kh7 80. f7 Kg7 81. Kf5+ Kf8 82. Kg6 Bc2+ 83.
Kf6 Bb3 84. Bd2 Bxf7 85. Nxf7 Ke8 86. Ke6 Kf8 87. Bc3 Ke8 88. Bd4 Kf8 89. Bc5+ Ke8 90.
Bd4 Kf8 91. Bf6 Ke8 92. Be5 Kf8 93. Bd6+ Ke8 94. Bf4 Kf8 95. Bc7 Ke8 96. Ne5 Kf8 97.
Kf6 Ke8 98. Ba5 Kf8 99. Ke6 Ke8 100. Nf7 Kf8 101. Ng5 Ke8 102. Ne4 Kf8 103. Nf6 Kg7 104. Bb4 Kg6 105. Bd2 Kg7 106. Nd5 Kf8 107. Ne7 Ke8 108. Ba5 Kf8 109. Nf5 Ke8 110. Ng7+ Kf8 111. Kf6 Kg8 112. Kg6 Kf8 113. Bb4+ Kg8 114. Nf5 Kh8 115. Ba3 Kg8 116. Nh6+ Kh8 117. Bb2# 1-0